AoeStats
← Malik Bhai

Hideout

509287437Analyzed
1v1 RM · 6d ago on Sep 26, 2026· 48m 20s· 2 players
Game mode
Random Map
Map size
Tiny (2 player)
Population
200
Speed
Normal
Resources
Standard
Victory
Conquest
Starting age
Dark Age
Ending age
Imperial Age
RankedLock teamsTeams togetherTeam positionsShared explorationLock speedFull tech treeHidden civsTurbo modeCheats
Victory
Defeat
🇵🇰 Spanish · Pakistan
1598
+19
🇩🇪 Inca · Germany
1668
-19
Headhunter_GG
9:01 Feudal Age
9:43 Double-Bit Axe
11:16 Champi Runner
12:15 Fletching
13:12 Arson
19:13 Castle Age
17:57 Padded Archer Armor
17:45 Horse Collar
20:09 Wheelbarrow
20:00 Bodkin Arrow
20:27 Squires
20:31 Scale Mail Armor
20:51 Gold Mining
21:17 Bow Saw
22:34 Leather Archer Armor
22:59 Elite Skirmisher
24:17 Forging
24:16 Heavy Plow
24:18 Loom
24:59 Champi Warrior
28:27 Ballistics
32:07 Stone Mining
32:29 Pikeman
34:47 Hand Cart
37:07 Iron Casting
36:48 Chain Mail Armor
36:48 Thumb Ring
39:32 Imperial Age
38:10 Crossbowman
39:47 Halberdier
41:54 Chemistry
42:13 Arbalester
44:15 Bracer
44:47 Plate Mail Armor
45:06 Thumb Ring
45:41 Conscription
47:34 Town Watch
47:41 Elite Champi Warrior
Malik Bhai
10:03 Feudal Age
14:14 Castle Age
12:42 Double-Bit Axe
13:12 Horse Collar
14:44 Loom
21:15 Fletching
21:27 Padded Archer Armor
22:07 Bow Saw
24:38 Wheelbarrow
32:04 Imperial Age
29:54 Gold Mining
29:55 Stone Mining
30:56 Leather Archer Armor
31:21 Fletching
32:21 Scale Barding Armor
32:12 Bodkin Arrow
33:11 Conscription
34:03 Chain Barding Armor
33:54 Forging
33:19 Cavalier
34:43 Bloodlines
34:33 Husbandry
36:19 Plate Barding Armor
37:22 Iron Casting
38:12 Elite Conquistador
40:47 Blast Furnace
40:55 Ring Archer Armor
42:18 Thumb Ring
43:18 Chemistry
42:38 Ballistics
44:10 Supremacy
44:48 Bombard Tower
45:31 Paladin
Connection lost

Rejoining the realm…

Still unreachable

The connection could not be restored.

Session expired

The server has moved on; the page needs a fresh start.